 Dungeon Crawl Stone Soup version 0.28-a0-1555-g9ae15a6949 (webtiles) character file.

Game seed: 11423286208472198730

3106 Crownlay the Cleaver (level 9, -2/82 HPs)
             Began as a Hill Orc Fighter on Jan 18, 2022.
             Was a Follower of Okawaru.
             Slain by a wyvern (14 damage)
             ... on level 8 of the Dungeon.
             The game lasted 00:09:53 (7959 turns).

Crownlay the Cleaver (Hill Orc Fighter)             Turns: 7959, Time: 00:09:54

Health: -2/82      AC: 14    Str: 23    XL:     9   Next: 90%
Magic:  13/13      EV:  7    Int:  8    God:    Okawaru [*.....]
Gold:   372        SH:  5    Dex: 16    Spells: 8/8 levels left

rFire   . . .      SeeInvis .   z - +4 war axe
rCold   . . .      Faith    .   c - +0 buckler
rNeg    . . .      Spirit   .   a - +2 chain mail {Will+}
rPois   .          Reflect  .   m - +0 helmet
rElec   .          Harm     .   (no cloak)
rCorr   .          Rampage  .   (no gloves)
Will    +....                   o - +1 pair of boots
Stlth   ..........              (no amulet)
HPRegen 0.23/turn               g - +4 ring of slaying
MPRegen 0.13/turn               b - +6 ring of dexterity

@: no status effects
A: no striking features
a: Renounce Religion, Heroism


You were on level 8 of the Dungeon.
You worshipped Okawaru.
Okawaru was aware of your devotion.
You visited 2 branches of the dungeon, and saw 9 of its levels.

You collected 372 gold pieces.

Inventory:

Hand Weapons
 z - a +4 war axe (weapon)
Missiles
 p - 6 boomerangs (quivered)
 A - 5 atropa-tipped darts
 C - 6 silver boomerangs
Armour
 a - a +2 chain mail of willpower (worn)
 c - a +0 buckler (worn)
 m - a +0 helmet (worn)
 o - a +1 pair of boots (worn)
Jewellery
 b - a +6 ring of dexterity (right hand)
 g - a +4 ring of slaying (left hand)
Wands
 s - a wand of iceblast (22)
 x - a wand of charming (10)
Scrolls
 e - a scroll of vulnerability {unknown}
 l - 3 scrolls of teleportation
 n - a scroll of enchant weapon {unknown}
 q - 2 scrolls of blinking
 r - 2 scrolls of identify
 t - a scroll of summoning {unknown}
 w - a scroll of immolation {unknown}
 y - 2 scrolls of amnesia
Potions
 d - a potion of might
 f - 8 potions of heal wounds {unknown}
 h - 2 potions of attraction {unknown}
 i - 2 potions of degeneration {unknown}
 j - a potion of lignification {unknown}
 k - a potion of cancellation {unknown}
 u - 3 potions of haste {unknown}
 v - 2 potions of brilliance {unknown}
 B - a potion of curing {unknown}


   Skills:
 * Level 8.5 Fighting
 - Level 14.0 Axes
 + Level 3.8 Armour
 - Level 4.0 Shields
 + Level 5.4 Invocations


You had 8 spell levels left.
You didn't know any spells.
Your spell library contained the following spells:

 Spells                   Type           Power      Damage    Failure   Level
 Sting                    Tmut/Pois      0%         1d3       99%         1
 Blink                    Tloc           0%         N/A       100%        2
 Ensorcelled Hibernation  Hex/Ice        0%         N/A       100%        2
 Ignite Poison            Fire/Tmut/Pois 0%         N/A       100%        3
 Lesser Beckoning         Tloc           0%         N/A       100%        3
 Spider Form              Tmut/Pois      0%         N/A       100%        3
 Anguish                  Hex/Necr       0%         N/A       100%        4
 Olgreb's Toxic Radiance  Pois           0%         N/A       100%        4
 Freezing Cloud           Conj/Ice/Air   0%         6-21      100%        5
 Manifold Assault         Tloc           0%         N/A       100%        5
 Ozocubu's Refrigeration  Ice            0%         4d5       100%        7
 Ignition                 Fire           0%         3d3       100%        8


Dungeon Overview and Level Annotations

Branches:
Dungeon (8/15)             Temple (1/1) D:7
   Lair: D:8-11

Altars:
Ashenzari
Kikubaaqudgha
Nemelex Xobeh
Okawaru
The Shining One

Shops:
D:4 (=!*

Annotations:
D:6 1 runed translucent door, r33k's ghost, novice MiFi


Message History

Throw: 6 boomerangs
Press: ? - help, Q - select action, (/) - cycle Shift-Dir - straight line, f - wyvern
Aim: a wyvern (wandering, hasn't noticed you, 68% to hit)
You throw a boomerang.
The boomerang closely misses the wyvern.
The wyvern hisses angrily.
A wyvern is nearby!
Throw: 6 boomerangs
Press: ? - help, Q - select action, (/) - cycle Shift-Dir - straight line, f/p - wyvern
Aim: a wyvern (68% to hit)
You throw a boomerang. The boomerang hits the wyvern.
The wyvern is lightly wounded.
Throw: 6 boomerangs
Press: ? - help, Q - select action, (/) - cycle Shift-Dir - straight line, f/p - wyvern
Aim: a wyvern (lightly wounded, 68% to hit)
You throw a boomerang. The boomerang hits the wyvern.
The wyvern is moderately wounded.
The wyvern barely misses you.
You are too injured to fight recklessly!
You are too injured to fight recklessly!
You are too injured to fight recklessly!
You barely miss the wyvern.
The wyvern is moderately wounded.
The wyvern bites you!
You hit the wyvern.
The wyvern is moderately wounded.
The wyvern bites you!
* * * LOW HITPOINT WARNING * * *
You hit the wyvern but do no damage.
The wyvern is moderately wounded.
The wyvern bites you but does no damage.
You slash the wyvern!
The wyvern is severely wounded.
The wyvern bites you!
* * * LOW HITPOINT WARNING * * *
You block the wyvern's attack.
You hit the wyvern.
The wyvern is almost dead.
The wyvern bites you!
You die...

#.......§§§§ .
#.......§.#
..#.....§M..#
........)...#..
...............
........#####..
.>.#....### .
#.....†##
#.....l@# ..
###.....†## #..
#........##.
#..##....#.......
#.....#..#.....##
#....##....#...≈
#.........#..#...
#.........#.##P..
##.........#.. .P


You could see a wyvern.

Vanquished Creatures
  Prince Ribbit (D:7)
  6 black bears
  An ice beast (D:7)
  An orc warrior (D:7)
  2 sky beasts
  An ogre (D:5)
  A centaur (D:5)
  A kobold brigand (D:7)
  3 phantoms
  3 bullfrogs
  A wyvern zombie (D:7)
  A water moccasin zombie (D:5)
  A scorpion (D:6)
  A wyvern skeleton (D:5)
  4 killer bees (D:8)
  7 wights
  A howler monkey (D:7)
  A centaur zombie (D:7)
  2 hounds
  2 jellies
  An orc priest (D:4)
  3 centaur skeletons
  2 iguanas (D:5)
  An orc wizard (D:4)
  A killer bee zombie (D:8)
  A hound skeleton (D:4)
  A mummy (D:8)
  Robin (D:3)
  A howler monkey skeleton (D:4)
  A howler monkey zombie (D:8)
  A gnoll (D:1)
  5 adders
  2 shadow imps (D:5)
  2 adder skeletons (D:4)
  2 worms
  16 orcs
  9 endoplasms
  5 giant cockroaches
  14 hobgoblins
  4 jackals
  12 kobolds
  2 quokkas
  5 ball pythons
  11 bats
  3 frilled lizards
  18 goblins
  A rat (D:2)
166 creatures vanquished.

Vanquished Creatures (others)
  2 plants
2 creatures vanquished.

Grand Total: 168 creatures vanquished

Notes
Turn   | Place    | Note
-------+----------+-------------------------------------------
     0 | D:1      | Crownlay the Hill Orc Fighter began the quest for the Orb.
     0 | D:1      | Reached XP level 1. HP: 19/19 MP: 1/1
   205 | D:1      | Reached skill level 3 in Axes
   323 | D:1      | Reached XP level 2. HP: 14/27 MP: 2/2
   849 | D:1      | Reached XP level 3. HP: 30/33 MP: 3/3
   998 | D:1      | Found a faded altar of an unknown god.
  1191 | D:2      | Reached skill level 4 in Axes
  1519 | D:2      | Reached XP level 4. HP: 40/40 MP: 4/4
  2187 | D:3      | Found a sparkling altar of Nemelex Xobeh.
  2299 | D:3      | Reached skill level 5 in Axes
  2301 | D:3      | Noticed Robin
  2315 | D:3      | Killed Robin
  2316 | D:3      | Reached XP level 5. HP: 33/47 MP: 5/5
  2507 | D:3      | Noticed a black bear
  2517 | D:3      | Killed a black bear
  2518 | D:3      | Reached skill level 5 in Fighting
  2518 | D:3      | Reached skill level 6 in Axes
  2797 | D:3      | Reached XP level 6. HP: 56/56 MP: 6/6
  3206 | D:4      | Found Pauffah's Jewellery Emporium.
  3206 | D:4      | Found Renaxtic's Assorted Antiques.
  3404 | D:4      | Found Wuijeba's Distillery.
  3409 | D:4      | Found Nohow's Antique Weapon Emporium.
  3423 | D:4      | Noticed a black bear
  3432 | D:4      | Killed a black bear
  3433 | D:4      | Reached skill level 7 in Axes
  3602 | D:4      | Got the Handbook of the Nocuous Glacier
  3767 | D:4      | Reached XP level 7. HP: 58/62 MP: 7/7
  3922 | D:5      | Entered Level 5 of the Dungeon
  3970 | D:5      | Reached skill level 8 in Axes
  4263 | D:5      | Reached skill level 9 in Axes
  4337 | D:5      | Reached XP level 8. HP: 15/71 MP: 8/8
  4903 | D:5      | Reached skill level 10 in Axes
  5295 | D:6      | Found a glowing golden altar of the Shining One.
  5349 | D:6      | Found a runed translucent door.
  5352 | D:6      | Noticed r33k's ghost (novice MiFi)
  5363 | D:6      | Found a broken altar of Ashenzari.
  5534 | D:6      | Reached skill level 11 in Axes
  5980 | D:6      | Reached skill level 1 in Invocations
  5994 | D:6      | Reached skill level 12 in Axes
  5994 | D:6      | Reached XP level 9. HP: 20/81 MP: 8/10
  6892 | D:7      | Found a staircase to the Ecumenical Temple.
  6907 | Temple   | Entered the Ecumenical Temple
  6943 | Temple   | Became a worshipper of Warmaster Okawaru
  6983 | D:7      | Noticed Prince Ribbit
  7005 | D:7      | Killed Prince Ribbit
  7033 | D:7      | Identified the +2 robe "Weuqacoz" {rF++ Will+ Regen+}
  7140 | D:7      | Reached skill level 13 in Axes
  7596 | D:7      | Reached * piety under Okawaru
  7597 | D:7      | Reached skill level 5 in Invocations
  7841 | D:8      | Reached skill level 14 in Axes
  7959 | D:8      | Slain by a wyvern

Illustrated notes

Levels and vault maps discovered:
D:1:      nicolae_arrival_memento_mori, layout_loops_cross,
          shapermc_ecumenical_altar_notcrosses
D:2:      layout_basic
D:3:      layout_loops_ring, nicolae_overflow_crystal_walls,
          kennysheep_cross_bottleneck, nrook_loot_triangle,
          hangedman_decor_opposing, uniq_robin
D:4:      layout_cave_pools, minmay_shop_grid_forest
D:5:      layout_basic, hex_medium, solitary_fountain
D:6:      layout_basic, mainiacjoe_overflow_catwalk,
          nicolae_ashenzari_panopticon, ebering_ghost_sewer_d,
          chequers_serial_rivers_micro_e, kennysheep_generic_room_3
D:7:      corexii_shack_village, layout_gridville,
          minmay_temple_entry_statues_fountains, grunt_ministairs_2,
          uniq_prince_ribbit1
D:8:      layout_cave_pools, nicolae_dithmenos_shadow_blocks, dpeg_oklobed_lair,
          serial_undead, serial_undead_a, serial_undead_e, serial_undead_c,
          serial_undead_b, nicolae_sextant, minmay_alternating_orb
Temple:   regret_index_temple_generic_petals

Skill      XL: |  1  2  3  4  5  6  7  8  9 |
---------------+----------------------------+-----
Axes           | 3 4 5 6 7 9 12 14 | 14.0
Fighting       | 4 5 6 8 |  8.5
Shields        | 4 |  4.0
Invocations    | 2 5 |  5.4
Armour         | |  3.8

Action                   |  1- 3 |  4- 6 |  7- 9 || total
-------------------------+-------+-------+-------++-------
Melee: War axe           |    75 |   108 |   200 ||   383
Throw: Boomerang         |       |       |    18 ||    18
Invok: Heroism           |       |       |     1 ||     1
  Use: Scroll            |       |       |     4 ||     4
Armor: Scale mail        |    32 |    75 |    63 ||   170
       Chain mail        |       |       |    67 ||    67
Dodge: Dodged            |    49 |    58 |    81 ||   188
Block: Buckler           |    14 |    28 |    47 ||    89

Table legend: (Time is in decaauts)
 A = Elapsed time spent in this place.
 B = Non-inter-level travel time spent in this place.
 C = Inter-level travel time spent in this place.
 D = Time resting spent in this place.
 E = Time spent auto-exploring this place.
 F = Levels seen in this place.
 G = Mean time per level.
                   A        B        C        D        E       F      G
               +--------+--------+--------+--------+--------+-----+--------+
         Total |   8008 |   7744 |    264 |      0 |   6692 |   9 |  889.8 |
       Dungeon |   7954 |   7707 |    247 |      0 |   6663 |   8 |  994.2 |
        Temple |     54 |     37 |     17 |      0 |     29 |   1 |   54.0 |
               +--------+--------+--------+--------+--------+-----+--------+

Top non-repeatable levels by time:
     D:6: 1414 daAuts
     D:5: 1376 daAuts
     D:3: 1225 daAuts
     D:1: 1104 daAuts
     D:2: 1096 daAuts
     D:7: 1059 daAuts
     D:4: 548 daAuts
     D:8: 128 daAuts
  Temple: 54 daAuts
